AoeStats
← jhonskull87

Fortress

508671929Analyzed
3v3 RM · 10d ago on Sep 23, 2026· 61m 15s· 6 players
Game mode
Random Map
Map size
Large (8 player)
Population
200
Speed
Normal
Resources
Standard
Victory
Conquest
Starting age
Dark Age
Ending age
Imperial Age
RankedLock teamsTeams togetherTeam positionsShared explorationLock speedFull tech treeHidden civsTurbo modeCheats
Victory
Defeat
🇧🇴 Danes · Bolivia
726
+16
🇲🇽 Byzantines · Mexico
668
+19
🇷🇺 Hindustanis · Russia
658
+19
🇳🇴 Byzantines · Norway
848
-23
🇮🇹 Khmer · Italy
710
-17
🇺🇸 Danes · United States
637
-14
jhonskull87
10:22 Feudal Age
8:38 Loom
11:15 Double-Bit Axe
11:15 Horse Collar
14:49 Wheelbarrow
14:45 Stone Mining
14:49 Gold Mining
18:55 Forging
20:35 Fletching
22:50 Castle Age
23:32 Scale Mail Armor
24:08 Iron Casting
26:11 Imperial Age
26:37 Murder Holes
26:43 Bodkin Arrow
26:48 Padded Archer Armor
26:55 Heavy Plow
27:09 Bow Saw
29:38 Scale Barding Armor
VET
7:14 Feudal Age
7:48 Double-Bit Axe
8:40 Wheelbarrow
7:49 Horse Collar
11:13 Gold Mining
11:14 Stone Mining
17:48 Castle Age
18:40 Bow Saw
18:48 Hand Cart
19:12 Gold Shaft Mining
19:12 Stone Shaft Mining
26:27 Ballistics
28:03 Caravan
33:27 Imperial Age
31:43 Forging
31:39 Scale Barding Armor
32:20 Husbandry
32:32 Bloodlines
33:55 Iron Casting
33:42 Chain Barding Armor
34:42 Conscription
35:44 Chemistry
35:10 Murder Holes
35:27 Masonry
35:23 Siege Engineers
35:11 Fletching
35:24 Padded Archer Armor
36:26 Blast Furnace
36:11 Bodkin Arrow
36:34 Leather Archer Armor
36:55 Plate Barding Armor
36:08 Town Watch
36:09 Loom
36:30 Heavy Camel Rider
37:42 Town Patrol
37:50 Scale Mail Armor
38:03 Fortified Wall
39:31 Grand Trunk Road
39:32 Shatagni
42:17 Bracer
42:48 Ring Archer Armor
47:00 Imperial Camel Rider
50:08 Hoardings
53:52 Two-Man Saw
54:54 Light Cavalry
55:52 Chain Mail Armor
54:59 Elite Ghulam
Bestia del Congo
1:34 Loom
8:45 Feudal Age
12:42 Wheelbarrow
14:48 Castle Age
12:30 Horse Collar
12:39 Double-Bit Axe
19:21 Forging
21:26 Hamask
23:22 Iron Casting
24:38 Scale Mail Armor
26:28 Squires
26:13 Arson
30:13 Imperial Age
27:31 Town Watch
28:03 Gold Mining
28:28 Bow Saw
28:20 Heavy Plow
30:59 Hand Cart
31:03 Chain Mail Armor
31:18 Conscription
31:44 Gold Shaft Mining
30:43 Onager
33:28 Chemistry
35:00 Blast Furnace
34:57 Elite Jomsviking
41:09 Plate Mail Armor
41:08 Northmen's Fury
49:14 Fletching
49:03 Elite Varangian Guard
50:57 Siege Engineers
51:13 Ballistics
60:34 Siege Onager
A Delicious Pot Roast
8:51 Feudal Age
13:25 Castle Age
12:05 Scale Mail Armor
21:15 Forging
23:47 Wheelbarrow
25:12 Hand Cart
25:35 Hamask
27:36 Scale Barding Armor
28:53 Double-Bit Axe
31:01 Bow Saw
34:24 Ballistics
44:33 Fletching
45:23 Bodkin Arrow
53:53 Light Cavalry
54:49 Bloodlines
angelomolinaro2006
10:11 Feudal Age
14:09 Castle Age
12:51 Gold Mining
12:51 Stone Mining
13:35 Double-Bit Axe
13:34 Horse Collar
15:50 Bow Saw
23:02 Wheelbarrow
22:13 Town Watch
27:40 Imperial Age
25:28 Hand Cart
24:59 Loom
24:50 Pikeman
27:08 Gold Shaft Mining
27:08 Stone Shaft Mining
34:25 Halberdier
35:27 Heavy Scorpion
37:02 Arson
38:38 Double Crossbow
39:40 Heavy Plow
42:14 Tusk Swords
42:49 Elite Ballista Elephant
48:12 Bloodlines
47:22 Light Cavalry
50:55 Elite Skirmisher
61:10 Town Patrol
Mortalix
11:03 Feudal Age
14:53 Castle Age
12:47 Double-Bit Axe
13:46 Horse Collar
14:22 Gold Mining
15:57 Bow Saw
18:36 Imperial Age
17:03 Squires
16:49 Gambesons
17:37 Scale Mail Armor
18:21 Heavy Plow
18:52 Loom
21:12 Conscription
22:17 Wheelbarrow
23:33 Chain Mail Armor
26:49 Forging
28:53 Hand Cart
30:53 Ballistics
31:34 Chemistry
31:07 Plate Mail Armor
33:05 Iron Casting
34:28 Elite Varangian Guard
37:17 Two-Man Saw
39:28 Crop Rotation
41:50 Hoardings
41:28 Logistica
42:15 Gold Shaft Mining
43:05 Scale Barding Armor
43:19 Fortified Wall
47:54 Thumb Ring
48:38 Pikeman
53:28 Chain Barding Armor
56:12 Elite Skirmisher
58:51 Fletching
60:41 Bodkin Arrow
60:47 Padded Archer Armor
Connection lost

Rejoining the realm…

Still unreachable

The connection could not be restored.

Session expired

The server has moved on; the page needs a fresh start.